 Dungeon Crawl Stone Soup version 0.18-a0-1273-g8ec5f8e (webtiles) character file.

175 dvd the Ducker (level 5, -2/22 HPs)
             Began as a Felid Transmuter on Feb 7, 2016.
             Killed from afar by dvd's ghost (13 damage)
             ... with a puff of frost
             ... on level 3 of the Dungeon.
             The game lasted 00:11:09 (4015 turns).

dvd the Ducker (Felid Transmuter)                   Turns: 4015, Time: 00:11:09

Health: -2/22      AC:  2    Str:  6    XL:     5   Next: 29%
Magic:  10/10      EV: 23    Int: 15    God:
Gold:   73         SH:  0    Dex: 22    Spells: 2 memorised, 6 levels left
                                        Lives:  0   Deaths: 1

rFire  + . .     SeeInvis +       - Unarmed
rCold  . . .     Gourm    .     (armour unavailable)
rNeg   . . .     Faith    .     (shield unavailable)
rPois  x         Spirit   .     (helmet unavailable)
rElec  .         Dismiss  .     (cloak unavailable)
rCorr  .         Reflect  .     (gloves unavailable)
SustAt .         Harm     .     (boots unavailable)
MR     .....                    i - amulet of magic regeneration
Stlth  +++.......               (no ring)
                                h - ring of protection from fire

@: spider-form, not resistant to hostile enchantments, fairly stealthy
A: no armour, no weapons or thrown items, (claws 0), (fangs 0), see invisible,
carnivore 3, (speed 0), (shaggy fur 0), slow metabolism 1, (sharp paws)
a: End Transformation


You were on level 3 of the Dungeon.
You were completely stuffed.
You were a venomous arachnid creature.
You visited 1 branch of the dungeon, and saw 3 of its levels.

You collected 73 gold pieces.

Inventory:

Missiles
 a - 44 arrows
Jewellery
 h - a ring of protection from fire (left front leg)
 i - an amulet of magic regeneration (around neck)
Scrolls
 d - 2 scrolls of teleportation {unknown}
 e - 2 scrolls of magic mapping {unknown}
 f - 4 scrolls of identify {unknown}
 p - a scroll of blinking {unknown}
 r - a scroll of amnesia {unknown}
 s - a scroll of noise {unknown}
 t - a scroll of immolation {unknown}
 w - a scroll of fog {unknown}
 x - a scroll of random uselessness {unknown}
 y - a scroll of remove curse {unknown}
Potions
 g - 5 potions of might {unknown}
 j - a potion of beneficial mutation {unknown}
 k - a potion of haste {unknown}
 l - a potion of invisibility {unknown}
 m - a potion of mutation {unknown}
 o - a potion of agility {unknown}
 q - a potion of flight {unknown}
 u - 2 potions of curing {unknown}
Books
 b - a book of Changes

   Spells                             Type                      Level
   a - Beastly Appendage              Transmutation                1
   b - Sticks to Snakes               Transmutation                2
   c - Spider Form                    Transmutation/Poison         3
   d - Ice Form                       Ice/Transmutation            4
   e - Blade Hands                    Transmutation                5
Comestibles
 c - a meat ration
 n - a chunk of flesh
 v - a beef jerky


   Skills:
 + Level 1.8 Fighting
 + Level 4.0 Dodging
 + Level 2.8 Stealth
 + Level 3.8 Unarmed Combat
 * Level 3.0 Spellcasting
 * Level 3.5 Transmutations
 + Level 0.6 Poison Magic


You had 6 spell levels left.
You knew the following spells:

 Your Spells              Type           Power        Failure   Level  Hunger
a - Beastly Appendage     Trmt           ##....       17%         1    #......
b - Spider Form           Trmt/Pois      #.........   52%         3    ###....


Dungeon Overview and Level Annotations

Branches:
Dungeon (3/15)

Altars:

Annotations:
D:1 Ijyb
D:3 1 exclusion, Sigmund; dvd's ghost, amateur DgIE


Innate Abilities, Weirdness & Mutations

You cannot wear armour.
You are incapable of wielding weapons or throwing items.
((You have sharp claws.))
((You have razor-sharp teeth.))
You have supernaturally acute eyesight.
You are carnivorous and can eat meat at any time.
((You cover ground quickly.))
((You are covered in fur (AC +1).))
You have a slow metabolism.
((Your sharp claws are effective at attacking unaware monsters.))


Message History

y - a scroll labeled ONTULAO ZAVIDE
Casting: Spider Form
Confirm with . or Enter, or press ? or * to list all spells.
You turn into a venomous arachnid creature.
Dvd's ghost hits you.
You barely miss dvd's ghost. Dvd's ghost casts a spell at you.
You are frozen.
You hit dvd's ghost but do no damage. Dvd's ghost barely misses you.
You hit dvd's ghost.
Dvd's ghost is lightly damaged.
Dvd's ghost misses you.
Dvd's ghost wails, "You must not succeed where I failed!"
Dvd's ghost lets out a mournful wail.
Dvd's ghost points at you and mumbles some strange words.
The puff of frost misses you.
Dvd's ghost points at you and mumbles some strange words.
The puff of frost hits you!
Ouch! That really hurt!
You die...

########## #.# .........#
#.# #### #.####.## #
##.......# #.# #.#
#######......÷.#####.# #.#
÷...............<.##.#.
#.#
.######.#.####.#..##.#.###
#.# ..........# #.#..##.#
..# #.# ## #.#####.###
#.#s>##.# #.# #.# #. #.#
#.# #.#..##.###.###.###.
#.# #.#
#....##.##..%....... #.#
#.# #....W......###.####
..# #.# ##.#.##.........#
..# #.# ##.#.######.#####
... #.. ...#.# #.# ###
#....# #.# #..... ..#


You could see dvd's ghost.

Vanquished Creatures
  Jessica (D:3)
  Terence (D:3)
  Robin (D:2)
  6 adders
  4 gnolls (D:3)
  An ooze (D:1)
  A worm (D:3)
  A giant gecko (D:3)
  2 giant cockroaches
  20 goblins
  6 hobgoblins
  7 jackals
  6 kobolds
  9 bats
  2 giant newts
  4 rats
72 creatures vanquished.

Notes
Turn   | Place    | Note
--------------------------------------------------------------
     0 | D:1      | dvd the Felid Transmuter began the quest for the Orb.
     0 | D:1      | Reached XP level 1. HP: 9/9 MP: 4/4
   501 | D:1      | Reached XP level 2. HP: 12/12 MP: 4/6
  1336 | D:2      | Noticed Ijyb
  1683 | D:2      | Reached XP level 3. HP: 8/15 MP: 7/7
  1916 | D:2      | Learned a level 3 spell: Spider Form
  2589 | D:3      | Noticed Jessica
  2597 | D:3      | Killed Jessica
  2597 | D:3      | Reached XP level 4. HP: 15/19 MP: 5/8
  2749 | D:3      | Reached skill level 1 in Stealth
  2804 | D:3      | Noticed Sigmund
  2845 | D:3      | Noticed Robin
  3093 | D:3      | Noticed dvd's ghost (amateur DgIE)
  3160 | D:2      | Slain by Robin
  3161 | D:2      | Reached XP level 3. HP: -5/15 MP: 5/8
  3242 | D:2      | Killed Robin
  3242 | D:2      | Reached XP level 4. HP: 19/19 MP: 3/9
  3731 | D:3      | Reached XP level 5. HP: 19/22 MP: 8/10
  3794 | D:3      | Noticed Terence
  3805 | D:3      | Killed Terence
  3805 | D:3      | Reached skill level 4 in Dodging
  4015 | D:3      | Killed from afar by dvd's ghost

Vault maps used:
D:1:      nicolae_arrival_somewhat_less_tricky_arrival
D:2:      uniq_iyjb
D:3:      first_bread, uniq_robin, uniq_terence, uniq_sigmund, uniq_jessica

Action                   |  1- 3 |  4- 6 || total
-------------------------+-------+-------++-------
Melee: Unarmed           |   100 |    92 ||   192
 Cast: Beastly Appendage |    21 |     1 ||    22
       Spider Form       |     3 |    18 ||    21
 Stab: Sleeping          |     3 |     5 ||     8
  Eat: Chunk             |    14 |     8 ||    22
